 Dungeon Crawl Stone Soup version 0.29.1-1-gd02db6906a (webtiles) character file.

Game seed: 1471940954830925293

2049 hawla the Arsonist (level 9, -8/68 HPs)
             Began as a Meteoran Fire Elementalist on Oct 6, 2022.
             Mangled by an orc warrior
             ... wielding a +0 glaive
              (20 damage)
             ... in a bailey.
             The game lasted 00:19:25 (3150 turns).

hawla the Arsonist (Meteoran Fire Elementalist)     Turns: 3150, Time: 00:19:26

Health: -8/68      AC:  6    Str: 15    XL:     9   Next: 77%
Magic:  0/22       EV: 14    Int: 22    God:
Gold:   208        SH:  0    Dex: 17    Spells: 17/24 levels left

rFire   . . .      SeeInvis .   n - +8 spear "Orb Guardian's Bane" {speed, *Noise rPois Str+6 Dex+2}
rCold   . . .      Faith    .   (no shield)
rNeg    . . .      Spirit   +   a - +1 robe
rPois   +          Reflect  .   (no helmet)
rElec   .          Harm     .   h - +2 cloak
rCorr   .          Rampage  .   (no gloves)
Will    +....                   (no boots)
Stlth   +.........              i - amulet of guardian spirit
HPRegen 0.21/turn               (no ring)
MPRegen 0.18/turn               (no ring)

@: glowing
A: sense surroundings 2, otherworldly, glowing, explore regen
a: no special abilities


You were in a bailey.
You visited 1 branch of the dungeon, and saw 7 of its levels.
You also visited: Bailey.

You collected 208 gold pieces.

Inventory:

Hand Weapons
 n - the +8 spear "Orb Guardian's Bane" (weapon) {speed, *Noise rPois Str+6 Dex+2}
   (You found it on level 3 of the Dungeon)

   Attacks with this weapon are significantly faster.
   Str:       It affects your strength (+6).
   Dex:       It affects your dexterity (+2).
   rPois:     It protects you from poison.
   *Noise:    It may make noises in combat.
Armour
 a - a +1 robe (worn)
 h - a +2 cloak (worn)
Jewellery
 i - an amulet of guardian spirit (around neck)
Wands
 g - a wand of mindburst (8)
 k - a wand of paralysis (12)
 l - a wand of roots (10)
Scrolls
 b - a scroll of acquirement
 c - 2 scrolls of fog
 d - a scroll of enchant armour
 e - 4 scrolls of teleportation
 f - a scroll of identify
 j - 2 scrolls of poison
Potions
 m - 2 potions of curing


   Skills:
 + Level 2.6 Fighting
 + Level 4.5 Polearms
 + Level 3.9 Dodging
 - Level 1.4 Stealth
 + Level 8.0 Spellcasting
 + Level 4.9 Conjurations
 + Level 9.5 Fire Magic


You had 17 spell levels left.
You knew the following spells:

 Your Spells              Type           Power      Damage    Failure   Level
a - Foxfire               Conj/Fire      100%       2x1d9     1%          1
b - Scorch                Fire           100%       2d10      1%          2
c - Flame Wave            Conj/Fire      40%        2d11      3%          4

Your spell library contained the following spells:

 Spells                   Type           Power      Damage    Failure   Level
 Conjure Flame            Conj/Fire      40%        6-21      1%          3
 Inner Flame              Hex/Fire       29%        N/A       3%          3
 Summon Small Mammal      Summ           32%        N/A       8%          1
 Call Canine Familiar     Summ           8%         N/A       22%         3
 Summon Guardian Golem    Hex/Summ       8%         N/A       22%         3


Dungeon Overview and Level Annotations

Branches:
Dungeon (8/15) Zot: 1244   Bailey (1/1) Zot: 393
 Temple: D:4-7         Lair: D:8-11

Altars:
Cheibriados
Gozag
Wu Jian
Zin

Annotations:
D:7 Pikel


Innate Abilities, Weirdness & Mutations

You passively map the area around you.
You are easily found by Zot.
You glow in the dark.
You regain HP and MP as you explore.


Message History

The orc warrior shouts!
The orc warrior hits you from afar with a +0 halberd!
Casting: Scorch (safe; 1% risk of failure)
Confirm with . or Enter, or press ? or * to list all spells.
Flames lash the orc warrior.
The orc warrior is moderately wounded.
The orc warrior's fire resistance burns away.
The orc warrior hits you from afar with a +0 halberd!
Casting: Scorch (safe; 1% risk of failure)
Confirm with . or Enter, or press ? or * to list all spells.
Flames lash the orc warrior.
The orc warrior is burned terribly!
The orc warrior is severely wounded.
The orc warrior hits you from afar with a +0 halberd!
Casting: Scorch (safe; 1% risk of failure)
Confirm with . or Enter, or press ? or * to list all spells.
Flames lash the orc warrior.
The orc warrior is burned terribly!
You kill the orc warrior!
Your Spellcasting skill increases to level 8!
You open the gate.
Found two gates leading back out of this place.
There is an open gate here.
b - a scroll of acquirement You open the door.
An orc knight, an orc and 2 orc warriors come into view.
The orc knight shouts!
The orc warrior shouts!
The orc shouts!
The orc warrior hits you from afar with a +0 glaive!
Found a slimy bronze ring and a phantom mirror.
Casting: Scorch (safe; 1% risk of failure)
Confirm with . or Enter, or press ? or * to list all spells.
Casting: Flame Wave (dangerous; 3% risk of failure)
Press: ? - help, Dir - look around, f - activate A wave of flame ripples out! (Press . to intensify the flame waves.)
The orc warrior hits you from afar with a +0 glaive!
The orc misses you.
The orc knight hits you from afar with a +0 halberd!!
* * * LOW HITPOINT WARNING * * *
Okay, then.
The orc warrior hits you from afar with a +0 glaive!!
You die...

..........##.......## , ,
.........##..#'#'#..## ,
,
.........#..##)#)##..#,,,
, ,
........##.#########.# ,
, ........##.')#}.=#.'.#*
........##.###.8o###.# ,
........##.'.#ooo#)'.#
........##.####'####.#*,
,, ,
........##..##∩.@##..# ,
, ,
............##'''#..##, ,
, ,,
............##.....## , ,
, ..≈≈.≈≈≈....##....##,
.≈≈#)##≈....#######,, *
,, .≈##)∩#≈........... *
, ,, .≈ )...............
, .≈##.##≈........... ,,
* , .≈≈###≈≈).......... ,
* ~


You could see an orc knight and an orc warrior.

Vanquished Creatures
  A steam dragon (D:8)
  Menkaure (D:7)
  A sky beast (D:4)
  An ice beast (D:8)
  6 orc warriors (Bailey)
  2 ogres
  A black bear (D:5)
  2 bullfrogs
  A gnoll sergeant (D:5)
  A necrophage (D:8)
  3 wights (D:7)
  2 jellies
  Terence (D:3)
  Natasha (thrice) (D:3)
  An orc wizard (D:7)
  8 gnolls
  3 adders
  A shadow imp (D:3)
  An ufetubus (D:4)
  2 worms
  3 dart slugs
  19 orcs
  10 ball pythons
  9 endoplasms
  2 giant cockroaches
  11 goblins
  8 hobgoblins
  2 jackals (D:1)
  4 quokkas
  5 bats
  5 frilled lizards
  4 kobolds
  5 rats
129 creatures vanquished.

Vanquished Creatures (others)
  174 foxfires
174 creatures vanquished.

Grand Total: 303 creatures vanquished

Notes
Turn   | Place    | Note
-------+----------+-------------------------------------------
     0 | D:1      | hawla the Meteoran Fire Elementalist began the quest for
                  | the Orb.
     0 | D:1      | Reached XP level 1. HP: 14/14 MP: 5/5
    29 | D:1      | Found a faded altar of an unknown god.
    57 | D:1      | Reached XP level 2. HP: 13/20 MP: 0/6
   182 | D:1      | Reached skill level 4 in Fire Magic
   209 | D:1      | Reached XP level 3. HP: 19/26 MP: 3/8
   212 | D:1      | Learned a level 2 spell: Scorch
   500 | D:1      | Glimpsed the power of Zot.
   575 | D:2      | Reached XP level 4. HP: 34/34 MP: 7/10
  1099 | D:2      | Glimpsed the power of Zot.
  1262 | D:3      | Noticed Natasha
  1267 | D:3      | Killed Natasha
  1268 | D:3      | Reached XP level 5. HP: 30/39 MP: 2/12
  1333 | D:3      | Found a snail-covered altar of Cheibriados.
  1346 | D:3      | Reached skill level 5 in Fire Magic
  1349 | D:3      | Reached skill level 5 in Spellcasting
  1382 | D:3      | Noticed Natasha
  1386 | D:3      | Killed Natasha
  1387 | D:3      | Reached XP level 6. HP: 46/46 MP: 1/14
  1392 | D:3      | Learned a level 4 spell: Flame Wave
  1444 | D:3      | Noticed Terence
  1448 | D:3      | Killed Terence
  1454 | D:3      | Identified the +8 spear "Orb Guardian's Bane" {speed,
                  | *Noise rPois Str+6 Dex+2}
  1554 | D:3      | Noticed Natasha
  1557 | D:3      | Killed Natasha
  1700 | D:3      | Glimpsed the power of Zot.
  1742 | D:4      | Reached skill level 6 in Fire Magic
  1826 | D:4      | Noticed a sky beast
  1829 | D:4      | Killed a sky beast
  1830 | D:4      | Reached XP level 7. HP: 51/51 MP: 8/15
  1845 | D:4      | Reached skill level 7 in Fire Magic
  2268 | D:5      | Entered Level 5 of the Dungeon
  2341 | D:5      | Reached XP level 8. HP: 42/58 MP: 8/17
  2449 | D:5      | Found a glowing silver altar of Zin.
  2449 | D:5      | Found an opulent altar of Gozag.
  2554 | D:5      | Reached skill level 1 in Polearms
  2559 | D:5      | Reached skill level 1 in Fighting
  2562 | D:5      | Reached skill level 8 in Fire Magic
  2664 | D:5      | You fall into a shaft and drop 2 floors!
  2676 | D:7      | Noticed Menkaure
  2687 | D:7      | Killed Menkaure
  2699 | D:7      | Gained mutation: You passively map the area around you.
                  | [Meteoran growth]
  2699 | D:7      | Reached XP level 9. HP: 13/67 MP: 7/19
  2699 | D:7      | Noticed Pikel
  2911 | D:8      | Found an ornate altar of the Wu Jian Council.
  2924 | D:8      | Found a flagged portal.
  2944 | Bailey   | Entered a bailey
  2970 | Bailey   | Reached skill level 9 in Fire Magic
  3148 | Bailey   | Noticed an orc knight
  3150 | Bailey   | Mangled by an orc warrior

Illustrated notes

Levels and vault maps discovered:
D:1:      minmay_arrival_glassed_features, layout_basic,
          hellmonk_ecumenical_altar_crossroads
D:2:      layout_loops_ring, serial_bayou_pond_e, kennysheep_crisscross
D:3:      layout_rooms, cheibriados_altar_1, chequers_jeans, hex_intersection,
          uniq_natasha, uniq_terence
D:4:      layout_cave_pools, nicolae_figureground_pulse
D:5:      layout_loops_ring, grunt_temple_overflow_gold_and_silver, tso_altar
D:7:      layout_rooms, gammafunk_ghost_nasty_kobolds, uniq_pikel, uniq_menkaure
D:8:      layout_cave_pods, mainiacjoe_overflow_surrounded_room, enter_bailey_4
Bailey:   bailey_polearm_2, bailey

Skill      XL: |  1  2  3  4  5  6  7  8  9 |
---------------+----------------------------+-----
Spellcasting   | 3 4 5 6 8 |  8.0
Fire Magic     | 4 5 6 7 8 9 |  9.5
Conjurations   | 3 4 |  4.9
Dodging        | 3 |  3.9
Polearms       | 3 4 |  4.5
Fighting       | 1 2 |  2.6
Stealth        | |  1.4

Action                   |  1- 3 |  4- 6 |  7- 9 || total
-------------------------+-------+-------+-------++-------
Melee: Unarmed           |     8 |     4 |       ||    12
       Spear             |       |    22 |    47 ||    69
       Punch             |       |       |     2 ||     2
 Cast: Foxfire           |    30 |    44 |    31 ||   105
       Scorch            |     6 |    31 |    23 ||    60
       Flame Wave        |       |       |    11 ||    11
  Use: Scroll            |     4 |     7 |     3 ||    14
       Potion            |       |       |     2 ||     2
Armor: Robe              |    15 |    12 |    14 ||    41
Dodge: Dodged            |    20 |    17 |    43 ||    80
